A - U25
CLINTON LUMBERKINGS @ FORT WAYNE TINCAPS
08/24/2053
 
TOP OF THE 1ST
Clinton LumberKings batting - Pitching for Fort Wayne TinCaps : RHP Dutch Sabado
Pitching: RHP Dutch Sabado
Batting: RHB Ross Stokes 0-0: Ball
1-0: Called Strike
1-1: Swinging Strike
1-2: Strikes out looking
Batting: RHB Nat Proctor 0-0: Ball
1-0: Swinging Strike
1-1: Ball
2-1: Ball
3-1: Base on Balls
Batting: LHB Osvaldo Cruz 0-0: Called Strike
0-1: Swinging Strike
0-2: Grounds into double play, 4-6-3 (Groundball, 4, EV 83.1 MPH)
Top of the 1st over - 0 runs, 0 hits, 0 errors, 0 left on base; Clinton 0 - Fort Wayne 0
BOTTOM OF THE 1ST
Fort Wayne TinCaps batting - Pitching for Clinton LumberKings : LHP Sebastian Mitchell
Pitching: LHP Sebastian Mitchell
Batting: LHB Hayden Zweber 0-0: Called Strike
0-1: Ball
1-1: Ground out 4-3 (Groundball, 4, EV 86.3 MPH)
Batting: RHB Marcelino Reyes 0-0: Called Strike
0-1: Called Strike
0-2: Ball
1-2: Strikes out swinging
Batting: RHB William Morgan 0-0: Ball
1-0: Foul Ball, location: 3DF
1-1: Foul Ball, location: 2F
1-2: DOUBLE (Flyball, 9LD, EV 110.0 MPH)
Batting: RHB Wyman McNulty 0-0: Called Strike
0-1: Ball
1-1: Fly out, F8 (Flyball, 8RS, EV 95.6 MPH)
Bottom of the 1st over - 0 runs, 1 hit, 0 errors, 1 left on base; Clinton 0 - Fort Wayne 0
TOP OF THE 2ND
Clinton LumberKings batting - Pitching for Fort Wayne TinCaps : RHP Dutch Sabado
Batting: RHB Julian Deets 0-0: Ball
1-0: Swinging Strike
1-1: Ball
2-1: Foul Ball, location: 2F
2-2: Strikes out swinging
Batting: LHB Josiah Bareiss 0-0: Called Strike
0-1: Called Strike
0-2: Strikes out swinging wild pitch, reaches first!
Batting: RHB Jerome Jones 0-0: Foul Ball, location: 9LSF
0-1: Ball
1-1: Ball
2-1: Ball
3-1: Called Strike
3-2: Base on Balls
Josiah Bareiss to second
Batting: LHB Owen Romero 0-0: Ball
1-0: Ball
2-0: Ball
3-0: Base on Balls
Josiah Bareiss to third
Jerome Jones to second
Batting: RHB Sloan Westmoreland 0-0: Ball
1-0: Ball
2-0: SINGLE (Groundball, 34D, EV 103.1 MPH)
Josiah Bareiss scores
Jerome Jones to third
Owen Romero to second
Batting: RHB Tom Glocker 0-0: Called Strike
0-1: Ball
1-1: Foul Ball, location: 2F
1-2: Strikes out looking
Batting: RHB Ross Stokes 0-0: Ball
1-0: Ball
Wild Pitch!
Jerome Jones scores
Owen Romero to third
Sloan Westmoreland to second
2-0: Ball
3-0: Base on Balls
Batting: RHB Nat Proctor 0-0: Ball
Wild Pitch!
Owen Romero scores
Sloan Westmoreland to third
Ross Stokes to second
1-0: Called Strike
1-1: Ball
2-1: Foul Ball, location: 2RF
2-2: Strikes out swinging
Top of the 2nd over - 3 runs, 1 hit, 0 errors, 2 left on base; Clinton 3 - Fort Wayne 0
BOTTOM OF THE 2ND
Fort Wayne TinCaps batting - Pitching for Clinton LumberKings : LHP Sebastian Mitchell
Batting: LHB Gunnar Whisenant 0-0: SINGLE (Line Drive, 9S, EV 104.4 MPH)
Batting: SHB Roger Green 0-0: Foul Ball, location: 9LSF
0-1: Ball
1-1: Foul Ball, location: 3F
1-2: Strikes out swinging
Batting: RHB Bobby Glover 0-0: Ball
1-0: Ball
2-0: Called Strike
2-1: Fly out, F4 (Line Drive, 4M, EV 66.9 MPH)
Batting: LHB Hudson Fischer 0-0: Called Strike
0-1: Swinging Strike
0-2: Hit by Pitch
Gunnar Whisenant to second
Batting: LHB Ray Morales 0-0: Called Strike
0-1: Fly out, F8 (Flyball, 8LM, EV 86.9 MPH)
Bottom of the 2nd over - 0 runs, 1 hit, 0 errors, 2 left on base; Clinton 3 - Fort Wayne 0
TOP OF THE 3RD
Clinton LumberKings batting - Pitching for Fort Wayne TinCaps : RHP Dutch Sabado
Batting: LHB Osvaldo Cruz 0-0: Fly out, F9 (Flyball, 9LS, EV 94.4 MPH)
Batting: RHB Julian Deets 0-0: Called Strike
0-1: Fly out, F8 (Flyball, 8RD, EV 101.3 MPH)
Batting: LHB Josiah Bareiss 0-0: Ball
1-0: Ball
2-0: Called Strike
2-1: Ball
3-1: Foul Ball, location: 2F
3-2: Foul Ball, location: 3DF
3-2: Base on Balls
Batting: RHB Jerome Jones 0-0: Ball
1-0: Ball
2-0: Foul Ball, location: 9LMF
2-1: Foul Ball, location: 2F
2-2: Fly out, F9 (Line Drive, 89M, EV 88.1 MPH)
Top of the 3rd over - 0 runs, 0 hits, 0 errors, 1 left on base; Clinton 3 - Fort Wayne 0
BOTTOM OF THE 3RD
Fort Wayne TinCaps batting - Pitching for Clinton LumberKings : LHP Sebastian Mitchell
Batting: LHB Hayden Zweber 0-0: Called Strike
0-1: Swinging Strike
0-2: Strikes out looking
Batting: RHB Marcelino Reyes 0-0: Ground out 3-1 (Groundball, 34, EV 102.5 MPH)
Batting: RHB William Morgan 0-0: Called Strike
0-1: Swinging Strike
0-2: Fly out, F9 (Line Drive, 9LM, EV 102.5 MPH)
Bottom of the 3rd over - 0 runs, 0 hits, 0 errors, 0 left on base; Clinton 3 - Fort Wayne 0
TOP OF THE 4TH
Clinton LumberKings batting - Pitching for Fort Wayne TinCaps : RHP Dutch Sabado
Batting: LHB Owen Romero 0-0: Ball
1-0: Called Strike
1-1: SINGLE (Groundball, 6MD, EV 103.1 MPH)
Batting: RHB Sloan Westmoreland 0-0: Ball
1-0: Called Strike
1-1: Fly out, F7 (Line Drive, 7, EV 90.0 MPH)
Batting: RHB Tom Glocker 0-0: Ball
1-0: Called Strike
1-1: Swinging Strike
1-2: Fly out, F8 (Flyball, 8RM, EV 76.3 MPH)
Batting: RHB Ross Stokes 0-0: Ball
1-0: Foul Ball, location: 25FF
1-1: Ball
2-1: Foul Ball, location: 2F
2-2: Ball
3-2: Foul Ball, location: 2F
3-2: Strikes out swinging
Top of the 4th over - 0 runs, 1 hit, 0 errors, 1 left on base; Clinton 3 - Fort Wayne 0
BOTTOM OF THE 4TH
Fort Wayne TinCaps batting - Pitching for Clinton LumberKings : LHP Sebastian Mitchell
Batting: RHB Wyman McNulty 0-0: Ball
1-0: Foul Ball, location: 25FF
1-1: Fly out, F8 (Flyball, 89D, EV 93.1 MPH)
Batting: LHB Gunnar Whisenant 0-0: Ball
1-0: Called Strike
1-1: Called Strike
1-2: Foul Ball, location: 3FF
1-2: Strikes out swinging, 2-3 out at first.
Batting: SHB Roger Green 0-0: Ball
1-0: Called Strike
1-1: Called Strike
1-2: Ball
2-2: Ball
3-2: Base on Balls
Batting: RHB Bobby Glover 0-0: Called Strike
0-1: Called Strike
0-2: Ball
1-2: Strikes out swinging
Bottom of the 4th over - 0 runs, 0 hits, 0 errors, 1 left on base; Clinton 3 - Fort Wayne 0
TOP OF THE 5TH
Clinton LumberKings batting - Pitching for Fort Wayne TinCaps : RHP Dutch Sabado
Batting: RHB Nat Proctor 0-0: Ball
1-0: SOLO HOME RUN (Flyball, 7D, EV 96.9 MPH), Distance : 369 ft
Batting: LHB Osvaldo Cruz 0-0: Called Strike
0-1: Called Strike
0-2: SINGLE (Line Drive, 8RS, EV 95.6 MPH)
Pitching: RHP D.J. Prado
Batting: RHB Julian Deets 0-0: Ball
1-0: Ball
2-0: Swinging Strike
2-1: Called Strike
2-2: Fielders Choice at 2nd, 5-4 (Groundball, 56S, EV 83.1 MPH)
Batting: LHB Josiah Bareiss 0-0: Foul Ball, location: 2F
0-1: Grounds into double play, 4-6-3 (Groundball, 4D, EV 84.4 MPH)
Top of the 5th over - 1 run, 2 hits, 0 errors, 0 left on base; Clinton 4 - Fort Wayne 0
BOTTOM OF THE 5TH
Fort Wayne TinCaps batting - Pitching for Clinton LumberKings : LHP Sebastian Mitchell
Batting: LHB Hudson Fischer 0-0: Foul Ball, location: 5DF
0-1: Fly out, F6 (Popup, 6MD, EV 43.8 MPH)
Batting: LHB Ray Morales 0-0: Called Strike
0-1: Swinging Strike
0-2: Foul Ball, location: 2F
0-2: Ball
1-2: Strikes out swinging
Batting: LHB Hayden Zweber 0-0: Foul Ball, location: 5FF
0-1: Ground out U3 (Groundball, 34, EV 85.0 MPH)
Bottom of the 5th over - 0 runs, 0 hits, 0 errors, 0 left on base; Clinton 4 - Fort Wayne 0
TOP OF THE 6TH
Clinton LumberKings batting - Pitching for Fort Wayne TinCaps : RHP D.J. Prado
Batting: RHB Jerome Jones 0-0: Foul Ball, location: 2F
0-1: Ball
1-1: Ground out 1-3 (Groundball, 23, EV 65.6 MPH)
Batting: LHB Owen Romero 0-0: Called Strike
0-1: Fly out, F8 (Flyball, 8LD, EV 91.3 MPH)
Batting: RHB Sloan Westmoreland 0-0: Ball
1-0: Ball
2-0: Fly out, F8 (Line Drive, 89M, EV 91.3 MPH)
Top of the 6th over - 0 runs, 0 hits, 0 errors, 0 left on base; Clinton 4 - Fort Wayne 0
BOTTOM OF THE 6TH
Fort Wayne TinCaps batting - Pitching for Clinton LumberKings : LHP Sebastian Mitchell
Batting: RHB Marcelino Reyes 0-0: Called Strike
0-1: Fly out, F5 (Popup, 5SF, EV 84.4 MPH)
Batting: RHB William Morgan 0-0: Called Strike
0-1: Called Strike
0-2: Ball
1-2: Fly out, F9 (Flyball, 89M, EV 83.8 MPH)
Batting: RHB Wyman McNulty 0-0: Ball
1-0: SINGLE (Line Drive, 56D, EV 100.0 MPH)
Batting: LHB Gunnar Whisenant 0-0: Ball
1-0: Ball
2-0: Called Strike
2-1: SINGLE (Line Drive, 8RS, EV 90.0 MPH)
Wyman McNulty to second
Batting: SHB Roger Green 0-0: SINGLE (Groundball, 6MD, EV 100.6 MPH)
Wyman McNulty to third
Gunnar Whisenant to second
Batting: RHB Bobby Glover 0-0: Called Strike
0-1: Fly out, F7 (Flyball, 7, EV 89.4 MPH)
Bottom of the 6th over - 0 runs, 3 hits, 0 errors, 3 left on base; Clinton 4 - Fort Wayne 0
TOP OF THE 7TH
Clinton LumberKings batting - Pitching for Fort Wayne TinCaps : RHP D.J. Prado
Batting: RHB Tom Glocker 0-0: Swinging Strike
0-1: Ball
1-1: Foul Ball, location: 7LMF
1-2: Foul Ball, location: 2F
1-2: Foul Ball, location: 5F
1-2: Ball
2-2: Foul Ball, location: 3DF
2-2: Fly out, F7 (Flyball, 7, EV 92.5 MPH)
Batting: RHB Ross Stokes 0-0: Ball
1-0: Called Strike
1-1: Swinging Strike
1-2: Strikes out swinging
Batting: RHB Nat Proctor 0-0: DOUBLE (Line Drive, 9LS, EV 106.3 MPH) - OUT at third base trying to stretch hit.
Top of the 7th over - 0 runs, 1 hit, 0 errors, 0 left on base; Clinton 4 - Fort Wayne 0
BOTTOM OF THE 7TH
Fort Wayne TinCaps batting - Pitching for Clinton LumberKings : LHP Sebastian Mitchell
Batting: LHB Hudson Fischer 0-0: Foul Ball, location: 5F
0-1: Foul Ball, location: 2F
0-2: Ball
1-2: Fly out, F8 (Flyball, 8LD, EV 106.3 MPH)
Batting: LHB Ray Morales 0-0: Foul Ball, location: 2F
0-1: SINGLE (Groundball, 3D, EV 98.1 MPH)
Batting: LHB Hayden Zweber 0-0: Foul Ball, location: 5F
0-1: Swinging Strike
0-2: Foul Ball, location: 2F
0-2: Fielders Choice at 2nd, U6 (Groundball, 4MS, EV 83.8 MPH)
Batting: RHB Marcelino Reyes 0-0: Swinging Strike
0-1: Ground out 1-3 (Groundball, 15, EV 65.0 MPH)
Bottom of the 7th over - 0 runs, 1 hit, 0 errors, 1 left on base; Clinton 4 - Fort Wayne 0
TOP OF THE 8TH
Clinton LumberKings batting - Pitching for Fort Wayne TinCaps : RHP D.J. Prado
Batting: LHB Osvaldo Cruz 0-0: Called Strike
0-1: Ball
1-1: Ball
2-1: SOLO HOME RUN (Flyball, 89XD, EV 112.5 MPH), Distance : 423 ft
Batting: RHB Julian Deets 0-0: SINGLE (Line Drive, 6MD, EV 104.4 MPH)
Batting: LHB Josiah Bareiss 0-0: Ball
1-0: Called Strike
1-1: Ball
2-1: Grounds into double play, U6-3 (Groundball, 4M, EV 81.3 MPH)
Batting: RHB Jerome Jones 0-0: SOLO HOME RUN (Flyball, 7LD, EV 93.8 MPH), Distance : 352 ft
Batting: LHB Owen Romero 0-0: SINGLE (Groundball, 4MD, EV 96.3 MPH)
Batting: RHB Sloan Westmoreland 0-0: 2-RUN HOME RUN (Flyball, 7D, EV 100.0 MPH), Distance : 411 ft
Batting: RHB Tom Glocker 0-0: Called Strike
0-1: Called Strike
0-2: Fly out, F8 (Flyball, 78S, EV 79.4 MPH)
Top of the 8th over - 4 runs, 5 hits, 0 errors, 0 left on base; Clinton 8 - Fort Wayne 0
BOTTOM OF THE 8TH
Fort Wayne TinCaps batting - Pitching for Clinton LumberKings : LHP Sebastian Mitchell
Batting: RHB William Morgan 0-0: Ball
1-0: Called Strike
1-1: Called Strike
1-2: Ground out 5-3 (Groundball, 56, EV 103.1 MPH)
Batting: RHB Wyman McNulty 0-0: Called Strike
0-1: Swinging Strike
0-2: Strikes out looking
Batting: LHB Gunnar Whisenant 0-0: Ball
1-0: Ball
2-0: Called Strike
2-1: Swinging Strike
2-2: Strikes out looking
Bottom of the 8th over - 0 runs, 0 hits, 0 errors, 0 left on base; Clinton 8 - Fort Wayne 0
TOP OF THE 9TH
Clinton LumberKings batting - Pitching for Fort Wayne TinCaps : RHP D.J. Prado
Batting: RHB Ross Stokes 0-0: Ball
1-0: Ball
2-0: Ball
3-0: Base on Balls
Pitching: RHP Ricardino Solomon
Batting: RHB Nat Proctor 0-0: Called Strike
0-1: Ball
1-1: Foul Ball, location: 2F
1-2: Ball
2-2: SINGLE (Line Drive, 78M, EV 95.0 MPH)
Ross Stokes to second
Batting: LHB Osvaldo Cruz 0-0: Ball
1-0: Called Strike
1-1: SINGLE (Line Drive, 7LS, EV 90.6 MPH)
Ross Stokes to third
Nat Proctor to second
Batting: RHB Julian Deets 0-0: Ball
1-0: Called Strike
1-1: Ball
2-1: Grounds into double play, 6-4-3 (Groundball, 6M, EV 88.8 MPH)
Ross Stokes scores
Nat Proctor to third
Batting: LHB Josiah Bareiss 0-0: Foul Ball, location: 2F
0-1: Ball
1-1: Ball
2-1: Ball
3-1: Called Strike
3-2: Base on Balls
Batting: RHB Jerome Jones 0-0: Foul Ball, location: 25FF
0-1: Ball
1-1: Swinging Strike
1-2: DOUBLE (Flyball, 78D, EV 96.9 MPH)
Nat Proctor scores
Josiah Bareiss to third
Batting: LHB Owen Romero 0-0: Foul Ball, location: 2F
0-1: Foul Ball, location: 2F
0-2: Ball
1-2: Fly out, F8 (Flyball, 8LD, EV 110.6 MPH)
Top of the 9th over - 2 runs, 3 hits, 0 errors, 2 left on base; Clinton 10 - Fort Wayne 0
BOTTOM OF THE 9TH
Fort Wayne TinCaps batting - Pitching for Clinton LumberKings : LHP Sebastian Mitchell
Pitching: RHP Lorcan Perlstein
Batting: SHB Roger Green 0-0: SINGLE (Flyball, 6MD, EV 96.3 MPH)
Batting: RHB Bobby Glover 0-0: Called Strike
0-1: Swinging Strike
0-2: Ball
1-2: Grounds into double play, 5-4-3 (Groundball, 5, EV 91.9 MPH)
Pinch Hitting: SHB Fremont Raber 0-0: Ball
1-0: Ball
2-0: Ball
3-0: Called Strike
3-1: Base on Balls
Batting: LHB Ray Morales 0-0: Foul Ball, location: 2F
0-1: Hit by Pitch
Fremont Raber to second
Batting: LHB Hayden Zweber 0-0: Ball
1-0: Ball
2-0: Swinging Strike
2-1: Ball
3-1: Foul Ball, location: 2F
3-2: Ground out 6-3 (Groundball, 6, EV 97.5 MPH)
Bottom of the 9th over - 0 runs, 1 hit, 0 errors, 2 left on base; Clinton 10 - Fort Wayne 0
Thursday, June 6th , 2024 - OOTP Baseball 25.5 Build 67